 Dungeon Crawl Stone Soup version 0.21.1-1-g345015fe64 (webtiles) character file.

48 Ivernyr the Charmwright (level 4, -1/33 HPs)
             Began as a Human Skald on Apr 22, 2018.
             Slain by a bullfrog skeleton (7 damage)
             ... on level 2 of the Dungeon.
             The game lasted 00:03:30 (1255 turns).

Ivernyr the Charmwright (Human Skald)               Turns: 1255, Time: 00:03:31

Health: -1/33      AC:  3    Str: 11    XL:     4   Next: 0%
Magic:  3/7        EV: 12    Int: 13    God:
Gold:   129        SH:  0    Dex: 14    Spells: 2/7 levels left

rFire    . . .     SeeInvis .   a - +0 falchion
rCold    . . .     Gourm    .   (no shield)
rNeg     . . .     Faith    .   b - +0 leather armour
rPois    .         Spirit   .   (no helmet)
rElec    .         Reflect  .   (no cloak)
rCorr    .         Harm     .   (no gloves)
MR       .....                  (no boots)
Stlth    +.........             (no amulet)
HPRegen  0.11/turn              (no ring)
MPRegen  0.10/turn              (no ring)

@: singing
A: no striking features
a: no special abilities


You were on level 2 of the Dungeon.
You were not hungry.

You visited 1 branch of the dungeon, and saw 2 of its levels.

You collected 129 gold pieces.

Inventory:

Hand Weapons
 a - a +0 falchion (weapon)
Armour
 b - a +0 leather armour (worn)
Scrolls
 e - a scroll of teleportation {unknown}
 f - a scroll of random uselessness {unknown}
 h - a scroll of remove curse {unknown}
Potions
 g - a potion of haste {unknown}
 i - a potion of magic {unknown}
 j - a potion of invisibility {unknown}
 l - a potion of curing {unknown}
Books
 c - a book of Battle

   Spells                             Type                      Level
   a - Infusion                       Charms                       1
   b - Shroud of Golubria             Charms/Translocation         2
   c - Song of Slaying                Charms                       2
   d - Spectral Weapon                Hexes/Charms                 3
   e - Regeneration                   Charms/Necromancy            3
Comestibles
 d - 4 rations


   Skills:
 - Level 2.0 Fighting
 + Level 2.6 Long Blades
 * Level 2.5 Armour
 - Level 2.0 Dodging
 - Level 2.0 Spellcasting
 + Level 3.4 Charms


You had 2 spell levels left.
You knew the following spells:

 Your Spells              Type           Power        Failure   Level  Hunger
a - Shroud of Golubria    Chrm/Tloc      #.........   26%         2    ###....
b - Song of Slaying       Chrm           ##......     12%         2    ###....
c - Infusion              Chrm           ##..         9%          1    ##.....


Dungeon Overview and Level Annotations

Branches:
Dungeon (2/15)

Altars:


Message History

Space distorts slightly along a thin shroud covering your body.
Casting: Shroud of Golubria
Confirm with . or Enter, or press ? or * to list all spells.
You start singing a song of slaying.
You hit the bullfrog skeleton.
The bullfrog skeleton is lightly damaged.
The bullfrog skeleton barely misses you.
You riposte.
You hit the bullfrog skeleton.
The bullfrog skeleton is moderately damaged.
The bullfrog skeleton hits you but does no damage.
You barely miss the bullfrog skeleton.
The bullfrog skeleton is moderately damaged.
Your shroud begins to fray at the edges.
The bullfrog skeleton hits you.
* * * LOW HITPOINT WARNING * * *
You hit the bullfrog skeleton.
The bullfrog skeleton is heavily damaged.
Your shroud bends the bullfrog skeleton's attack away.
The bullfrog skeleton hits you!
You die...

#....)).....#
#.#####.##.
#.........#.###.#
#.##.
#.....(.(.......#
#....
#...............#
#####
#...............#
########........#
#........#
####........# ######
#..Z@......... ......
#.#####.#.#.########.
#.# #.#.#.#........
#Z# #.#.# #.######.
........# #.###....
..l.....# #<....#..
........# #.#####..
......... #........
.......## #..###...


You could see a bullfrog skeleton.

Vanquished Creatures
  An adder (D:2)
  An ooze (D:1)
  2 worms (D:2)
  2 leopard geckos
  A ball python (D:2)
  A bat (D:1)
  4 goblins
  3 hobgoblins
  A frilled lizard (D:2)
  8 kobolds
24 creatures vanquished.

Notes
Turn   | Place    | Note
-------+----------+-------------------------------------------
     0 | D:1      | Ivernyr the Human Skald began the quest for the Orb.
     0 | D:1      | Reached XP level 1. HP: 16/16 MP: 3/3
   350 | D:1      | Reached XP level 2. HP: 21/22 MP: 5/5
   587 | D:1      | Learned a level 2 spell: Song of Slaying
   590 | D:1      | Learned a level 2 spell: Shroud of Golubria
   912 | D:2      | Reached XP level 3. HP: 22/27 MP: 6/6
  1227 | D:2      | Reached XP level 4. HP: 3/33 MP: 4/7
  1255 | D:2      | Slain by a bullfrog skeleton

Skill      XL: |  1  2 |
---------------+-------+-----
Armour         | 2 |  2.5
Fighting       | |  2.0
Long Blades    | |  2.6
Dodging        | |  2.0
Spellcasting   | |  2.0
Charms         | |  3.4

Action                   |  1- 3 |  4- 6 || total
-------------------------+-------+-------++-------
Melee: Falchion          |    79 |     3 ||    82
 Cast: Shroud of Golubri |     3 |     1 ||     4
       Song of Slaying   |     2 |     1 ||     3
  Eat: Chunk             |     1 |     1 ||     2
Armor: Leather armour    |    21 |     1 ||    22
Dodge: Dodged            |    66 |     1 ||    67
       Rpst.: Falchion   |    21 |     1 ||    22
